AoeStats
← AutoEveryThing

Black Forest

509858706Analyzed
2v2 RM · 4d ago on Sep 28, 2026· 17m 19s· 4 players
Game mode
Random Map
Map size
Medium (4 player)
Population
200
Speed
Normal
Resources
Standard
Victory
Conquest
Starting age
Dark Age
Ending age
Imperial Age
RankedLock teamsTeams togetherTeam positionsShared explorationLock speedFull tech treeHidden civsTurbo modeCheats
Victory
Defeat
🇫🇷 Cumans · France
1459
+14
🇫🇷 Shu · France
1458
+14
🇦🇺 Spanish · Australia
1445
-16
🇦🇷 Huns · Argentina
1374
-12
AutoEveryThing
1:15 Loom
13:54 Feudal Age
阿立
1:29 Loom
16:31 Feudal Age
Tom
3:12 Loom
11:15 Feudal Age
Ziko
1:00 Loom
10:31 Feudal Age
13:22 Fletching
14:53 Double-Bit Axe
Connection lost

Rejoining the realm…

Still unreachable

The connection could not be restored.

Session expired

The server has moved on; the page needs a fresh start.